BSA
NASHVILLE G-STRINGS @ GREENVILLE 84S
06/17/2029
 
TOP OF THE 1ST
Nashville G-Strings batting - Pitching for Greenville 84s : LHP Hong-ryul Yun
Pitching: LHP Hong-ryul Yun
Batting: RHB Eric Thompson 0-0: Ball
1-0: Foul Ball, location: 2F
1-1: Ball
2-1: Swinging Strike
2-2: Foul Ball, location: 2F
2-2: Strikes out swinging
Batting: RHB Sergio Márquez 0-0: Foul Ball, location: 2F
0-1: Foul Ball, location: 2F
0-2: Ball
1-2: Ball
2-2: Ball
3-2: Base on Balls
Batting: SHB Rob Grun 0-0: Called Strike
0-1: Fielders Choice at 2nd, 6-4 (Groundball, 6M)
Batting: RHB Vicente Aguirre 0-0: Swinging Strike
0-1: Ball
1-1: Called Strike
1-2: Ball
Rob Grun steals 2nd base
2-2: Strikes out swinging
Top of the 1st over - 0 runs, 0 hits, 0 errors, 1 left on base; Nashville 0 - Greenville 0
BOTTOM OF THE 1ST
Greenville 84s batting - Pitching for Nashville G-Strings : RHP Bennie Jones
Pitching: RHP Bennie Jones
Batting: RHB Carlos Torres 0-0: Called Strike
0-1: Bunted foul
0-2: Ball
1-2: Ball
2-2: Ball
3-2: Foul Ball, location: 2F
3-2: Foul Ball, location: 2F
3-2: Fly out, F1 (Line Drive, 13)
Batting: LHB Paco Rosas 0-0: Called Strike
0-1: Ball
1-1: Swinging Strike
1-2: SINGLE (Line Drive, 34D)
Batting: RHB Enzo Díaz 0-0: SINGLE (Groundball, 56D)
Paco Rosas to second
Batting: LHB Juan Cortés 0-0: Called Strike
0-1: Swinging Strike
0-2: Foul Ball, location: 2F
0-2: Foul Ball, location: 2F
0-2: Ball
1-2: Strikes out swinging
Batting: LHB Brock Larsen 0-0: Ball
1-0: Ball
2-0: 3-RUN HOME RUN (Flyball, 78XD), Distance : 392 ft
Batting: LHB Jimmy Vickers 0-0: Called Strike
0-1: Ball
1-1: DOUBLE (Line Drive, 78XD)
Batting: RHB Robert Buckley 0-0: Ground out 6-3 (Groundball, 6)
Bottom of the 1st over - 3 runs, 4 hits, 0 errors, 1 left on base; Nashville 0 - Greenville 3
TOP OF THE 2ND
Nashville G-Strings batting - Pitching for Greenville 84s : LHP Hong-ryul Yun
Batting: SHB Jorge Flores 0-0: Called Strike
0-1: Foul Ball, location: 2F
0-2: Ball
1-2: Ball
2-2: SINGLE (Line Drive, 89S)
Batting: RHB Jesús Cabrera 0-0: Called Strike
0-1: Foul Ball, location: 2F
0-2: Ball
1-2: SINGLE (Line Drive, 8LS)
Jorge Flores to second
Batting: LHB Jesús Núñez 0-0: Foul Ball, location: 2F
0-1: SINGLE (Groundball, 3D)
Jorge Flores to third
Jesús Cabrera to second
Batting: RHB John Denton 0-0: Ball
1-0: Called Strike
1-1: Foul Ball, location: 2F
1-2: Fly out, F6 (Popup, 4MD)
Batting: RHB Shawn Marshall 0-0: Called Strike
0-1: Foul Ball, location: 2F
0-2: Fly out, F7 (Flyball, 7)
Runner from 3rd tags up, OUT at HOME
Top of the 2nd over - 0 runs, 3 hits, 0 errors, 2 left on base; Nashville 0 - Greenville 3
BOTTOM OF THE 2ND
Greenville 84s batting - Pitching for Nashville G-Strings : RHP Bennie Jones
Batting: RHB Casey Fox 0-0: Called Strike
0-1: Ball
1-1: Ball
2-1: Ground out U3 (Groundball, 3L)
Batting: LHB Chris Moore 0-0: Ball
1-0: Called Strike
1-1: Called Strike
1-2: Foul Ball, location: 2F
1-2: Ball
2-2: Strikes out looking
Batting: RHB Carlos Torres 0-0: Called Strike
0-1: Ball
1-1: Ball
2-1: Foul Ball, location: 2F
2-2: Foul Ball, location: 2F
2-2: Foul Ball, location: 2F
2-2: Ball
3-2: Base on Balls
Batting: LHB Paco Rosas 0-0: Ball
Carlos Torres is caught stealing 2nd base
Bottom of the 2nd over - 0 runs, 0 hits, 0 errors, 0 left on base; Nashville 0 - Greenville 3
TOP OF THE 3RD
Nashville G-Strings batting - Pitching for Greenville 84s : LHP Hong-ryul Yun
Batting: RHB Eric Thompson 0-0: Ball
1-0: Ball
2-0: Called Strike
2-1: Ball
3-1: Called Strike
3-2: Ground out 5-3 (Groundball, 56)
Batting: RHB Sergio Márquez 0-0: Ball
1-0: Foul Ball, location: 2F
1-1: SINGLE (Flyball, 9S) - OUT at second base trying to stretch hit.
Batting: SHB Rob Grun 0-0: Foul Ball, location: 2F
0-1: Ball
1-1: Foul Ball, location: 2F
1-2: Strikes out looking
Top of the 3rd over - 0 runs, 1 hit, 0 errors, 0 left on base; Nashville 0 - Greenville 3
BOTTOM OF THE 3RD
Greenville 84s batting - Pitching for Nashville G-Strings : RHP Bennie Jones
Batting: LHB Paco Rosas 0-0: Ball
1-0: Ball
2-0: Ball
3-0: Called Strike
3-1: Base on Balls
Batting: RHB Enzo Díaz 0-0: Called Strike
Paco Rosas steals 2nd base
0-1: Ball
1-1: Ball
2-1: Called Strike
2-2: Fly out, F4 (Popup, 23)
Batting: LHB Juan Cortés 0-0: Ball
1-0: Ball
2-0: Ball
3-0: Base on Balls
Batting: LHB Brock Larsen 0-0: Fly out, F7 (Line Drive, 78M)
Batting: LHB Jimmy Vickers 0-0: Ball
1-0: Ball
2-0: Ball
3-0: Base on Balls
Paco Rosas to third
Juan Cortés to second
Batting: RHB Robert Buckley 0-0: Fly out, F9 (Flyball, 89D)
Bottom of the 3rd over - 0 runs, 0 hits, 0 errors, 3 left on base; Nashville 0 - Greenville 3
TOP OF THE 4TH
Nashville G-Strings batting - Pitching for Greenville 84s : LHP Hong-ryul Yun
Batting: RHB Vicente Aguirre 0-0: Ball
1-0: Ball
2-0: Ball
3-0: Base on Balls
Batting: SHB Jorge Flores 0-0: Swinging Strike
0-1: SINGLE (Groundball, 56D)
Vicente Aguirre to second
Batting: RHB Jesús Cabrera 0-0: Ball
1-0: Ball
2-0: Grounds into double play, 5-4-3 (Groundball, 5)
Vicente Aguirre to third
Batting: LHB Jesús Núñez 0-0: Fly out, F8 (Flyball, 8LD)
Top of the 4th over - 0 runs, 1 hit, 0 errors, 1 left on base; Nashville 0 - Greenville 3
BOTTOM OF THE 4TH
Greenville 84s batting - Pitching for Nashville G-Strings : RHP Bennie Jones
Batting: RHB Casey Fox 0-0: Swinging Strike
0-1: SINGLE (Line Drive, 6M)
Batting: LHB Chris Moore 0-0: Grounds into double play, 5-4-3 (Groundball, 56)
Batting: RHB Carlos Torres 0-0: Called Strike
0-1: Called Strike
0-2: Foul Ball, location: 2F
0-2: Foul Ball, location: 2F
0-2: Ball
1-2: Foul Ball, location: 2F
1-2: Ball
2-2: Ground out 4-3 (Groundball, 4)
Bottom of the 4th over - 0 runs, 1 hit, 0 errors, 0 left on base; Nashville 0 - Greenville 3
TOP OF THE 5TH
Nashville G-Strings batting - Pitching for Greenville 84s : LHP Hong-ryul Yun
Batting: RHB John Denton 0-0: Ball
1-0: Ball
2-0: Called Strike
2-1: Ball
3-1: Foul Ball, location: 2F
3-2: Strikes out swinging
Batting: RHB Shawn Marshall 0-0: Fly out, F9 (Flyball, 89S)
Batting: RHB Eric Thompson 0-0: SOLO HOME RUN (Line Drive, 7D), Distance : 365 ft
Batting: RHB Sergio Márquez 0-0: Called Strike
0-1: Ball
1-1: Foul Ball, location: 2F
1-2: Ball
2-2: Ball
3-2: Base on Balls
Batting: SHB Rob Grun 0-0: Called Strike
0-1: Called Strike
0-2: Foul Ball, location: 2F
0-2: Ball
1-2: Foul Ball, location: 2F
1-2: Ball
2-2: Ball
3-2: Strikes out swinging
Top of the 5th over - 1 run, 1 hit, 0 errors, 1 left on base; Nashville 1 - Greenville 3
BOTTOM OF THE 5TH
Greenville 84s batting - Pitching for Nashville G-Strings : RHP Bennie Jones
Batting: LHB Paco Rosas 0-0: Called Strike
0-1: Ball
1-1: Called Strike
1-2: Foul Ball, location: 2F
1-2: Ball
2-2: Ball
3-2: Base on Balls
Batting: RHB Enzo Díaz 0-0: Ball
1-0: Foul Ball, location: 2F
1-1: Ball
2-1: Swinging Strike
2-2: Strikes out swinging
Batting: LHB Juan Cortés 0-0: Called Strike
0-1: Called Strike
0-2: Ball
1-2: Foul Ball, location: 2F
1-2: Fly out, F9 (Flyball, 9D)
Batting: LHB Brock Larsen 0-0: Hit by Pitch
Paco Rosas to second
Batting: LHB Jimmy Vickers 0-0: Foul Ball, location: 2F
0-1: Ball
1-1: Foul Ball, location: 2F
1-2: Foul Ball, location: 2F
1-2: Ground out 4-3 (Groundball, 34)
Bottom of the 5th over - 0 runs, 0 hits, 0 errors, 2 left on base; Nashville 1 - Greenville 3
TOP OF THE 6TH
Nashville G-Strings batting - Pitching for Greenville 84s : LHP Hong-ryul Yun
Batting: RHB Vicente Aguirre 0-0: Called Strike
0-1: SINGLE (Line Drive, 56D)
Batting: SHB Jorge Flores 0-0: 2-RUN HOME RUN (Flyball, 89XD), Distance : 388 ft
Batting: RHB Jesús Cabrera 0-0: Called Strike
0-1: Called Strike
0-2: Strikes out looking
Batting: LHB Jesús Núñez 0-0: Swinging Strike
0-1: Foul Ball, location: 2F
0-2: Foul Ball, location: 2F
0-2: Strikes out swinging
Batting: RHB John Denton 0-0: Ball
1-0: Swinging Strike
1-1: Ball
2-1: Ball
3-1: SOLO HOME RUN (Line Drive, 7D), Distance : 355 ft
Batting: RHB Shawn Marshall 0-0: Ball
1-0: Called Strike
1-1: Ball
2-1: Ball
3-1: Called Strike
3-2: Ground out 4-3 (Groundball, 34)
Top of the 6th over - 3 runs, 3 hits, 0 errors, 0 left on base; Nashville 4 - Greenville 3
BOTTOM OF THE 6TH
Greenville 84s batting - Pitching for Nashville G-Strings : RHP Bennie Jones
Batting: RHB Robert Buckley 0-0: Fly out, F7 (Flyball, 7LMF)
Batting: RHB Casey Fox 0-0: Ball
1-0: Fly out, F9 (Flyball, 89D)
Batting: LHB Chris Moore 0-0: Called Strike
0-1: Foul Ball, location: 2F
0-2: Ball
1-2: SINGLE (Line Drive, 8LS)
Batting: RHB Carlos Torres 0-0: Ball
1-0: Foul Ball, location: 2F
1-1: Called Strike
1-2: Ground out 4-3 (Groundball, 4S)
Bottom of the 6th over - 0 runs, 1 hit, 0 errors, 1 left on base; Nashville 4 - Greenville 3
TOP OF THE 7TH
Nashville G-Strings batting - Pitching for Greenville 84s : LHP Hong-ryul Yun
Batting: RHB Eric Thompson 0-0: Fly out, F7 (Flyball, 7D)
Batting: RHB Sergio Márquez 0-0: Called Strike
0-1: Ground out 4-3 (Groundball, 4)
Batting: SHB Rob Grun 0-0: Ball
1-0: Fly out, F4 (Line Drive, 4M)
Top of the 7th over - 0 runs, 0 hits, 0 errors, 0 left on base; Nashville 4 - Greenville 3
BOTTOM OF THE 7TH
Greenville 84s batting - Pitching for Nashville G-Strings : RHP Bennie Jones
Pitching: RHP Noriyuki Matsui
Batting: LHB Paco Rosas 0-0: Foul Ball, location: 2F
0-1: SINGLE (Line Drive, 89S)
Batting: RHB Enzo Díaz 0-0: Ball
1-0: Foul Ball, location: 2F
1-1: Ball
2-1: Fly out, F8 (Flyball, 89D)
Pitching: LHP Raúl Sandoval
Batting: LHB Juan Cortés 0-0: Called Strike
0-1: Called Strike
Paco Rosas is caught stealing 2nd base
0-2: Ball
1-2: Ball
2-2: Fly out, F7 (Flyball, 78S)
Bottom of the 7th over - 0 runs, 1 hit, 0 errors, 0 left on base; Nashville 4 - Greenville 3
TOP OF THE 8TH
Nashville G-Strings batting - Pitching for Greenville 84s : LHP Hong-ryul Yun
Pitching: RHP Tomás González
Batting: RHB Vicente Aguirre 0-0: Called Strike
0-1: Foul Ball, location: 2F
0-2: Ball
1-2: Ground out 5-3 (Groundball, 56S)
Batting: SHB Jorge Flores 0-0: Ground out 6-3 (Groundball, 6)
Batting: RHB Jesús Cabrera 0-0: Ball
1-0: Called Strike
1-1: Called Strike
1-2: Fly out, F7 (Flyball, 7D)
Top of the 8th over - 0 runs, 0 hits, 0 errors, 0 left on base; Nashville 4 - Greenville 3
BOTTOM OF THE 8TH
Greenville 84s batting - Pitching for Nashville G-Strings : LHP Raúl Sandoval
Batting: LHB Brock Larsen 0-0: Ball
1-0: SINGLE (Flyball, 78S)
Batting: LHB Jimmy Vickers 0-0: Swinging Strike
0-1: Ball
1-1: Ball
2-1: Ground out 5-3 (Groundball, 5S)
Brock Larsen to second
Pitching: RHP Ramiro Rivera
Pinch Hitting: LHB Robert Moore 0-0: Called Strike
0-1: Ball
1-1: Ball
2-1: Foul Ball, location: 2F
2-2: Ball
3-2: Foul Ball, location: 2F
3-2: Base on Balls
Batting: RHB Casey Fox 0-0: Called Strike
0-1: Ball
1-1: Ground out 5-3 (Groundball, 56S)
Brock Larsen to third
Robert Moore to second
Batting: LHB Chris Moore 0-0: Called Strike
0-1: Foul Ball, location: 2F
0-2: Foul Ball, location: 2F
0-2: Ball
1-2: Foul Ball, location: 2F
1-2: Strikes out looking
Bottom of the 8th over - 0 runs, 1 hit, 0 errors, 2 left on base; Nashville 4 - Greenville 3
TOP OF THE 9TH
Nashville G-Strings batting - Pitching for Greenville 84s : RHP Tomás González
Now at 3B: Ramiro Chávez
Batting: LHB Jesús Núñez 0-0: Ball
1-0: Fly out, F2 (Popup, 25F)
Batting: RHB John Denton 0-0: Ball
1-0: Foul Ball, location: 2F
1-1: Ball
2-1: Foul Ball, location: 2F
2-2: Strikes out looking
Batting: RHB Shawn Marshall 0-0: Called Strike
0-1: Foul Ball, location: 2F
0-2: Strikes out swinging
Top of the 9th over - 0 runs, 0 hits, 0 errors, 0 left on base; Nashville 4 - Greenville 3
BOTTOM OF THE 9TH
Greenville 84s batting - Pitching for Nashville G-Strings : RHP Ramiro Rivera
Pitching: RHP Johnathan Phillips
Batting: RHB Carlos Torres 0-0: Ball
1-0: DOUBLE (Flyball, 8LXD)
Batting: LHB Paco Rosas 0-0: Ball
1-0: Foul Ball, location: 2F
1-1: Called Strike
1-2: Ground out U3 (Groundball, 34)
Carlos Torres to third
Batting: RHB Enzo Díaz 0-0: Ball
1-0: Ball
2-0: Ball
3-0: Called Strike
3-1: SINGLE (Flyball, 6D)
Carlos Torres scores
Batting: LHB Juan Cortés 0-0: Called Strike
0-1: Ball
1-1: Foul Ball, location: 2F
1-2: Ball
Enzo Díaz is caught stealing 2nd base
2-2: Strikes out looking
Bottom of the 9th over - 1 run, 2 hits, 0 errors, 0 left on base; Nashville 4 - Greenville 4
TOP OF THE 10TH
Nashville G-Strings batting - Pitching for Greenville 84s : RHP Tomás González
Pitching: LHP Francisco Ríos
Batting: RHB Eric Thompson 0-0: Ball
1-0: Fly out, F8 (Flyball, 8RD)
Batting: RHB Sergio Márquez 0-0: Ball
1-0: Called Strike
1-1: Ball
2-1: Foul Ball, location: 2F
2-2: Fly out, F9 (Flyball, 9D)
Batting: SHB Rob Grun 0-0: Ball
1-0: Ball
2-0: Called Strike
2-1: Ball
3-1: Called Strike
3-2: Strikes out swinging
Top of the 10th over - 0 runs, 0 hits, 0 errors, 0 left on base; Nashville 4 - Greenville 4
BOTTOM OF THE 10TH
Greenville 84s batting - Pitching for Nashville G-Strings : RHP Johnathan Phillips
Batting: LHB Brock Larsen 0-0: SINGLE (Flyball, 9LS)
Batting: LHB Jimmy Vickers 0-0: Ball
1-0: Called Strike
1-1: Ball
2-1: Called Strike
2-2: Grounds into double play, 6-4-3 (Groundball, 6)
Batting: RHB Ramiro Chávez 0-0: SINGLE (Groundball, 3D)
Batting: RHB Casey Fox 0-0: Fly out, F7 (Flyball, 7S)
Bottom of the 10th over - 0 runs, 2 hits, 0 errors, 1 left on base; Nashville 4 - Greenville 4
TOP OF THE 11TH
Nashville G-Strings batting - Pitching for Greenville 84s : LHP Júlio Gracía
Pitching: LHP Júlio Gracía
Batting: RHB Vicente Aguirre 0-0: Called Strike
0-1: SINGLE (Line Drive, 56D)
Pinch Runner at 1st Greg King:
Batting: SHB Jorge Flores 0-0: Called Strike
0-1: Foul Ball, location: 2F
0-2: Ball
1-2: Ball
2-2: Ball
3-2: SINGLE (Flyball, 3D)
Greg King to second
Runner from 2nd tries for 3rd, OUT!
Batting: RHB Jesús Cabrera 0-0: Fielders Choice at 2nd, 6-4 (Groundball, 6)
Batting: LHB Jesús Núñez 0-0: Called Strike
0-1: Ball
Jesús Cabrera steals 2nd base
1-1: Foul Ball, location: 2F
1-2: Ball
2-2: Foul Ball, location: 2F
2-2: Foul Ball, location: 2F
2-2: SINGLE (Line Drive, 56)
Jesús Cabrera to third
Runner from 3rd tries for Home, SAFE, no throw
Batting: RHB John Denton 0-0: Ball
1-0: Ball
2-0: Foul Ball, location: 2F
Pickoff Throw to First - Out!
Top of the 11th over - 1 run, 3 hits, 0 errors, 0 left on base; Nashville 5 - Greenville 4
BOTTOM OF THE 11TH
Greenville 84s batting - Pitching for Nashville G-Strings : RHP Johnathan Phillips
Pitching: LHP Rubén Martínez
Now at C: Wilfred Martin
Batting: LHB Chris Moore 0-0: Foul Ball, location: 2F
0-1: Foul Ball, location: 2F
0-2: Ground out 4-3 (Groundball, 4)
Batting: RHB Carlos Torres 0-0: Ball
1-0: Foul Ball, location: 2F
1-1: Ball
2-1: Fly out, F9 (Flyball, 9D)
Batting: LHB Paco Rosas 0-0: Ground out 4-3 (Groundball, 4)
Bottom of the 11th over - 0 runs, 0 hits, 0 errors, 0 left on base; Nashville 5 - Greenville 4
Saturday, December 16th, 2017 - OOTP Baseball 18.8 Build 76